 Dungeon Crawl Stone Soup version 0.30-a0-352-g1e81539c98 (webtiles) character file.

Game seed: 5783886712373236236

9 Bnni the Digger (level 2, -2/18 HPs)
             Began as an Octopode Earth Elementalist on Nov 7, 2022.
             Slain by a kobold
             ... wielding a +0 whip
              (6 damage)
             ... on level 1 of the Dungeon.
             The game lasted 00:00:39 (323 turns).

Bnni the Digger (Octopode Earth Elementalist)        Turns: 323, Time: 00:00:40

Health: -2/18      AC:  1    Str:  7    XL:     2   Next: 16%
Magic:  2/5        EV: 13    Int: 17    God:
Gold:   15         SH:  0    Dex: 12    Spells: 4/5 levels left

rFire   . . .      SeeInvis .    (no weapon)
rCold   . . .      Faith    .    (no shield)
rNeg    . . .      Spirit   .    (helmet restricted)
rPois   .          Reflect  .    (no amulet)
rElec   .          Harm     .    (no ring)
rCorr   .          Rampage  .    (no ring)
Will    .....                    (no ring)
Stlth   +++.......               (no ring)
HPRegen 0.23/turn                (no ring)
MPRegen 0.09/turn                (no ring)
                                 (no ring)
                                 (no ring)

@: very slightly contaminated
A: almost no armour, amphibious, 8 rings, camouflage 1, gelatinous body 1,
(nimble swimmer 1), tentacles
a: no special abilities


You were on level 1 of the Dungeon.
You visited 1 branch of the dungeon, and saw 1 of its levels.

You collected 15 gold pieces.

Inventory:

Scrolls
 c - a scroll of immolation {unknown}
Potions
 a - a potion of magic
 b - a potion of might {unknown}


   Skills:
 + Level 0.5 Fighting
 - Level 2.0 Dodging
 - Level 2.6 Stealth
 + Level 2.1 Spellcasting
 + Level 0.5 Conjurations
 - Level 1.0 Transmutations
 * Level 3.2 Earth Magic


You had 4 spell levels left.
You knew the following spells:

 Your Spells              Type           Power      Damage    Failure   Level
a - Sandblast             Erth           24%        2d8       4%          1

Your spell library contained the following spells:

 Spells                   Type           Power      Damage    Failure   Level
 Passwall                 Tmut/Erth      7%         N/A       12%         2
 Stone Arrow              Conj/Erth      16%        3d8       26%         3
 Petrify                  Tmut/Erth      9%         N/A       63%         4


Dungeon Overview and Level Annotations

Branches:
Dungeon (1/15)

Altars:


Innate Abilities, Weirdness & Mutations

You cannot wear most types of armour.
You are amphibious.
You can wear up to eight rings at the same time.
Your skin changes colour to match your surroundings (Stealth+).
Your rubbery body absorbs attacks. (AC +1, EV +1)
((You are camouflaged when in or above water. (Stealth+)))
You have tentacles for arms and can constrict up to eight enemies at once.


Message History

A rat and a dart slug come into view.
You tentacle-slap the rat. You grab the rat.
The rat is heavily wounded.
You constrict the rat.
You kill the rat!
The dart slug launches a dart at you. The slug dart hits you.
A kobold comes into view. It is wielding a +0 whip.
Found two daggers.
The kobold shouts! x2
The kobold hits you with a +0 dagger.
You tentacle-slap the kobold but do no damage.
Your grab misses the kobold. The kobold hits you with a +0 dagger.
You are too injured to fight recklessly!
Aiming: Sandblast (safe; 4% risk of failure)
Press: ? - help, Q - select action Shift-Dir - straight line, f - kobold
Aim: a kobold, wielding a +0 dagger (77% to hit)
You miscast Sandblast.
You are very lightly contaminated with residual magic.
Nothing appears to happen.
The dart slug launches a dart at you. The slug dart hits you.
* * * LOW HITPOINT WARNING * * *
The kobold hits you with a +0 dagger.
* * * LOW HITPOINT WARNING * * *
Aiming: Sandblast (safe; 4% risk of failure)
Press: ? - help, Q - select action Shift-Dir - straight line, f/p - kobold
Aim: a kobold, wielding a +0 dagger (77% to hit)
The blast of sand hits the kobold.
You kill the kobold!
The kobold throws a stone.
The stone barely misses you. The dart slug launches a dart at you.
The slug dart misses you.
Aiming: Sandblast (safe; 4% risk of failure)
Press: ? - help, Q - select action Shift-Dir - straight line, f - kobold
Aim: a kobold, wielding a +0 whip and quivering stones (77% to hit)
The blast of sand misses the kobold.
The dart slug launches a dart at you. The slug dart misses you.
The kobold hits you with a +0 whip.
You die...

....##..######...........#
. ##...####...........#
###..##............#
##.##............#
##....############
#.†..>w.w... #.....#####
#.....# #....@#
#.....K.)....
#............
#............
#............
..####......). ##.
#........ # #.#######


You could see a dart slug and a kobold.

Vanquished Creatures
  2 ball pythons (D:1)
  2 bats (D:1)
  2 jackals (D:1)
  A kobold (D:1)
  A frilled lizard (D:1)
  A rat (D:1)
9 creatures vanquished.

Notes
Turn   | Place    | Note
-------+----------+-------------------------------------------
     0 | D:1      | Bnni the Octopode Earth Elementalist began the quest for
                  | the Orb.
     0 | D:1      | Reached XP level 1. HP: 11/11 MP: 3/3
    96 | D:1      | Reached XP level 2. HP: 13/18 MP: 0/5
   323 | D:1      | Slain by a kobold

Illustrated notes

Levels and vault maps discovered:
D:1:      grunt_arrival_crossed_arrows, layout_basic

Action                   || total
-------------------------++-------
Melee: Unarmed           ||    17
       Constrict         ||     4
       Tentacles         ||     2
 Cast: Sandblast         ||     5
 Stab: Sleeping          ||     3
Armor: Skin              ||     1
Dodge: Dodged            ||    17

Table legend: (Time is in decaauts)
 A = Elapsed time spent in this place.
 B = Non-inter-level travel time spent in this place.
 C = Inter-level travel time spent in this place.
 D = Time resting spent in this place.
 E = Time spent auto-exploring this place.
 F = Levels seen in this place.
 G = Mean time per level.
                   A        B        C        D        E       F      G
               +--------+--------+--------+--------+--------+-----+--------+
         Total |    325 |    325 |      0 |      0 |    261 |   1 |  325.0 |
       Dungeon |    325 |    325 |      0 |      0 |    261 |   1 |  325.0 |
               +--------+--------+--------+--------+--------+-----+--------+

Top non-repeatable levels by time:
     D:1: 325 daAuts
